Patriotes vs Inferno

Created - 5 avril 2015 at 07:39

Goals
1 2 3 OT1 T
Patriotes 0 2 1 1 4
Inferno 0 2 1 0 3
Shots
1 2 3 OT1 T
Patriotes 7 16 12 1 36
Inferno 8 13 11 0 32

1st period

No Goal

Penalties :
No Penalty

2nd period

1. Patriotes , Christian Hanson 20 (Mathieu Brodeur, Tyler Myers) at 13:39
2. Patriotes , Cory Emmerton 31 (Brett Skinner) at 15:02 (PP)
3. Inferno , Cal O'Reilly 14 (Brendan Mikkelson, Mark Mitera) at 17:16
4. Inferno , Brad Marchand 40 (Vladimir Sobotka, Sami Vatanen) at 19:03

Penalties :
Zack Stortini (Nyc) for Tripping (Minor) at 2:19, Keith Ballard (Anc) for Interference (Minor) at 4:41, Tyler Myers (Nyc) for Tripping (Minor) at 10:47, Pavel Vorobiev (Anc) for Delaying the game (Minor) at 14:31

3rd period

5. Inferno , Brad Marchand 41 (Pavel Vorobiev, Keith Ballard) at 1:49
6. Patriotes , Liam Reddox 14 (Mathieu Brodeur, Christian Hanson) at 14:06

Penalties :
Yannick Weber (Anc) for Hooking (Minor) at 3:03, A.J Thelen (Nyc) for Tripping (Minor) at 5:32, Zack Stortini (Nyc) for Holding (Minor) at 15:35

Overtime #1

7. Patriotes , Fedor Fedorov 35 (Zenon Konopka, Ryan Wilson) at 0:58

Penalties :
No Penalty

Goalie Stats

Joey MacDonald (Nyc), 29 saves from 32 shots - (0,906), W, 32-26-3, 60:58 minutes
Josh Harding (Anc), 32 saves from 36 shots - (0,889), OTL, 33-18-6, 60:58 minutes

Players Stats for Patriotes

Player Name              G  A  P  +/- PIM S  H  SB GA TA FO     MP     PP MP  PK MP  
------------------------------------------------------------------------------------
A.J Thelen               0  0  0  -1  2   2  2  0  0  0  0/0    26:09   2:13   3:25 
Andreas Nodl             0  0  0   0  0   6  2  0  0  0  0/1    23:01   3:01   3:58 
Brett Skinner            0  1  1   0  0   0  0  2  0  4  0/0    27:45   2:13   4:46 
Christian Hanson         1  1  2   2  0   5  1  0  0  0  4/7    14:21   0:13   0:42 
Cory Emmerton            1  0  1  -2  0   6  1  1  0  0  5/15   14:48   1:28   0:00 
Fedor Fedorov            1  0  1   1  0   2  1  0  3  1  1/1    21:19   1:28   3:23 
Jared Staal              0  0  0  -1  0   0  0  0  0  0  0/0     6:41   0:00   0:00 
Joakim Andersson         0  0  0   0  0   0  0  0  0  0  0/0     0:55   0:00   0:00 
Joe Charlebois           0  0  0   0  0   0  0  0  0  2  0/0    11:34   0:00   0:11 
Lauri Tukonen            0  0  0  -2  0   0  0  1  0  0  0/1    14:42   1:28   0:00 
Liam Reddox              1  0  1   2  0   3  0  1  0  0  1/2    15:24   0:00   2:35 
Mathieu Brodeur          0  2  2   1  0   0  1  0  0  1  0/0    13:42   0:00   2:06 
Ryan White               0  0  0  -1  0   1  0  0  1  0  1/2     8:25   0:10   0:00 
Ryan Wilson              0  1  1   0  0   1  0  1  0  0  0/0    21:29   2:16   3:10 
Tomas Kurka              0  0  0  -3  0   3  0  0  0  0  2/5    21:30   2:48   3:43 
Tyler Myers              0  1  1   1  2   2  2  2  0  4  0/0    21:40   2:16   2:15 
Zack Stortini            0  0  0   1  4   2  1  0  0  0  0/0    11:55   0:00   0:00 
Zenon Konopka            0  1  1   1  0   3  1  1  1  1  8/18   19:43   2:51   1:30 

Players Stats for Inferno

Player Name              G  A  P  +/- PIM S  H  SB GA TA FO     MP     PP MP  PK MP  
------------------------------------------------------------------------------------
Alex Berry               0  0  0   1  0   0  1  0  0  0  0/0     8:21   0:13   0:00 
Andrej Sekera            0  0  0  -1  0   1  2  5  1  1  0/0    28:57   4:34   3:02 
Brad Marchand            2  0  2   2  0   3  1  1  0  0  0/0    17:35   3:28   0:21 
Brendan Mikkelson        0  1  1   0  0   1  0  0  1  0  0/0    15:28   0:00   1:47 
Brian Boyle              0  0  0  -1  0   3  1  0  1  0  4/7    13:57   0:13   2:36 
Cal O'Reilly             1  0  1   1  0   2  1  0  3  0  3/5     7:54   0:00   0:25 
Colin Wilson             0  0  0  -1  0   3  4  0  1  0  14/25  19:48   4:15   0:00 
David Ullstrom           0  0  0  -1  0   0  0  0  0  0  0/1    10:33   0:00   0:00 
Jonathan Ferland         0  0  0  -2  0   3  2  1  0  0  3/3    21:59   4:15   2:44 
Keith Ballard            0  1  1   2  2   5  2  2  1  0  0/0    21:41   3:22   1:50 
Mark Mitera              0  1  1   0  0   0  3  0  0  0  0/0    15:01   0:00   1:27 
Matt Kassian             0  0  0   1  0   0  1  0  0  1  0/0     7:29   0:00   0:00 
Pavel Vorobiev           0  1  1   2  2   1  4  0  1  0  0/0    18:43   3:28   0:57 
Sami Vatanen             0  1  1   1  0   0  1  0  1  1  0/0    17:13   3:22   0:52 
Stephane Veilleux        0  0  0  -1  0   5  2  0  1  0  1/1    20:50   4:15   0:58 
Vladimir Sobotka         0  1  1   1  0   3  0  0  1  1  5/10   18:59   3:28   0:57 
Vladimir Zharkov         0  0  0  -1  0   0  2  0  0  0  0/0    11:22   0:13   0:00 
Yannick Weber            0  0  0  -2  2   2  2  1  1  1  0/0    23:30   4:34   0:00 

3 Stars

1 - Brad Marchand (Anc)
2 - Christian Hanson (Nyc)
3 - Liam Reddox (Nyc)

Power Play

Patriotes - 1 on 3 Attempt(s) - 33,33%
Inferno - 0 on 4 Attempt(s) - 0,00%

Penalty Kill

Patriotes - 4 on 4 Attempt(s) - 100,00% - Score 0 goal in Penalty Kill
Inferno - 2 on 3 Attempt(s) - 66,67% - Score 0 goal in Penalty Kill

Team Stat

Patriotes - Hits : 12 - Faceoff Wins : 22 - Blocked Shots : 9 - Penalty Minutes : 8
Inferno - Hits : 29 - Faceoff Wins : 30 - Blocked Shots : 10 - Penalty Minutes : 6

Official

Referees : Furlatt Eric and McCreary Bill
Linesman : Vaughan Rody and Shane Heyer

Game Notes

13:39 of 2nd period - Patriotes goal is going for a video replay. After video review, Goal.

Finance

Level 1 -- Attendance: 1464 (73,20%) -- Ticket Income 51 240 $
Level 2 -- Attendance: 724 (72,40%) -- Ticket Income 10 860 $
Total Attendance: 2188 (72,93%)
Total Ticket Income: 62 100 $
Other Income: 3 105 $
Total Income: 65 205 $

Patriotes

5 vs 5 Forward 
   Center                   Left Wing                Right Wing               Time % Phy DF OF 
 1 Zenon Konopka            Fedor Fedorov            Andreas Nodl             40     1   2  2  
 2 Cory Emmerton            Tomas Kurka              Lauri Tukonen            30     1   2  2  
 3 Christian Hanson         Liam Reddox              Zack Stortini            20     1   2  2  
 4 Ryan White               Tomas Kurka              Jared Staal              10     1   2  2  

5 vs 5 Defense 
   Defense                  Defense                                           Time % Phy DF OF 
 1 A.J Thelen               Brett Skinner                                     40     1   2  2  
 2 Tyler Myers              Ryan Wilson                                       30     1   2  2  
 3 Joe Charlebois           Mathieu Brodeur                                   20     1   2  2  
 4 A.J Thelen               Brett Skinner                                     10     1   2  2  

PowerPlay Forward 
   Center                   Left Wing                Right Wing               Time % Phy DF OF 
 1 Zenon Konopka            Tomas Kurka              Andreas Nodl             60     1   2  2  
 2 Cory Emmerton            Fedor Fedorov            Lauri Tukonen            40     1   2  2  

PowerPlay Defense
   Defense                  Defense                                           Time % Phy DF OF 
 1 A.J Thelen               Brett Skinner                                     60     1   2  2  
 2 Tyler Myers              Ryan Wilson                                       40     1   2  2  

Penalty Kill 4 Players Forward 
   Center                   Wing                     Time % Phy DF OF 
 1 Tomas Kurka              Andreas Nodl             60     1   2  2  
 2 Fedor Fedorov            Zenon Konopka            40     1   2  2  

Penalty Kill 4 Players Defense
   Defense                  Defense                  Time % Phy DF OF 
 1 A.J Thelen               Brett Skinner            60     1   2  2  
 2 Tyler Myers              Ryan Wilson              40     1   2  2  

Penalty Kill - 3 Players Forward 
   Forward                                           Time % Phy DF OF 
 1 Tomas Kurka                                       60     1   2  2  
 2 Andreas Nodl                                      40     1   2  2  

Penalty Kill - 3 Players Defense
   Defense                  Defense                  Time % Phy DF OF 
 1 A.J Thelen               Brett Skinner            60     1   2  2  
 2 Tyler Myers              Ryan Wilson              40     1   2  2  

4 vs 4 Forward 
   Center                   Wing                     Time % Phy DF OF 
 1 Tomas Kurka              Andreas Nodl             60     1   2  2  
 2 Fedor Fedorov            Zenon Konopka            40     1   2  2  

4 vs 4 Defense
   Defense                  Defense                  Time % Phy DF OF 
 1 A.J Thelen               Brett Skinner            60     1   2  2  
 2 Tyler Myers              Ryan Wilson              40     1   2  2  

Last Minutes Offensive
   Center                   Left Wing                Right Wing               Defense                  Defense                  
   Zenon Konopka            Tomas Kurka              Andreas Nodl             A.J Thelen               Brett Skinner            

Last Minutes Defensive
   Center                   Left Wing                Right Wing               Defense                  Defense                  
   Zenon Konopka            Tomas Kurka              Andreas Nodl             A.J Thelen               Brett Skinner            

Goaltenders
Starting : Joey MacDonald           
Backup : Marek Schwarz            

Extra Forwards
Normal : Christian Hanson, Ryan White, Liam Reddox - PP : Christian Hanson, Ryan White - PK : Liam Reddox
Extra Defensemen
Normal : Joe Charlebois, Mathieu Brodeur, Tyler Myers - PP : Joe Charlebois - PK : Mathieu Brodeur, Tyler Myers
Penalty Shots
Tomas Kurka, Andreas Nodl, Fedor Fedorov, Zenon Konopka, Cory Emmerton

Inferno

5 vs 5 Forward 
   Center                   Left Wing                Right Wing               Time % Phy DF OF 
 1 Colin Wilson             Stephane Veilleux        Jonathan Ferland         40     1   2  2  
 2 Vladimir Sobotka         Brad Marchand            Pavel Vorobiev           30     1   2  2  
 3 Brian Boyle              David Ullstrom           Vladimir Zharkov         20     1   2  2  
 4 Cal O'Reilly             Matt Kassian             Alex Berry               10     1   2  2  

5 vs 5 Defense 
   Defense                  Defense                                           Time % Phy DF OF 
 1 Yannick Weber            Andrej Sekera                                     40     1   2  2  
 2 Keith Ballard            Sami Vatanen                                      30     1   2  2  
 3 Brendan Mikkelson        Mark Mitera                                       20     1   2  2  
 4 Keith Ballard            Andrej Sekera                                     10     1   2  2  

PowerPlay Forward 
   Center                   Left Wing                Right Wing               Time % Phy DF OF 
 1 Colin Wilson             Stephane Veilleux        Jonathan Ferland         60     1   2  2  
 2 Vladimir Sobotka         Brad Marchand            Pavel Vorobiev           40     1   2  2  

PowerPlay Defense
   Defense                  Defense                                           Time % Phy DF OF 
 1 Yannick Weber            Andrej Sekera                                     60     1   2  2  
 2 Keith Ballard            Sami Vatanen                                      40     1   2  2  

Penalty Kill 4 Players Forward 
   Center                   Wing                     Time % Phy DF OF 
 1 Brian Boyle              Jonathan Ferland         60     1   2  2  
 2 Vladimir Sobotka         Pavel Vorobiev           40     1   2  2  

Penalty Kill 4 Players Defense
   Defense                  Defense                  Time % Phy DF OF 
 1 Keith Ballard            Andrej Sekera            60     1   2  2  
 2 Brendan Mikkelson        Mark Mitera              40     1   2  2  

Penalty Kill - 3 Players Forward 
   Forward                                           Time % Phy DF OF 
 1 Vladimir Sobotka                                  60     1   2  2  
 2 Stephane Veilleux                                 40     1   2  2  

Penalty Kill - 3 Players Defense
   Defense                  Defense                  Time % Phy DF OF 
 1 Keith Ballard            Andrej Sekera            60     1   2  2  
 2 Brendan Mikkelson        Mark Mitera              40     1   2  2  

4 vs 4 Forward 
   Center                   Wing                     Time % Phy DF OF 
 1 Colin Wilson             Stephane Veilleux        60     1   2  2  
 2 Vladimir Sobotka         Jonathan Ferland         40     1   2  2  

4 vs 4 Defense
   Defense                  Defense                  Time % Phy DF OF 
 1 Yannick Weber            Andrej Sekera            60     1   2  2  
 2 Keith Ballard            Sami Vatanen             40     1   2  2  

Last Minutes Offensive
   Center                   Left Wing                Right Wing               Defense                  Defense                  
   Colin Wilson             Stephane Veilleux        Jonathan Ferland         Yannick Weber            Andrej Sekera            

Last Minutes Defensive
   Center                   Left Wing                Right Wing               Defense                  Defense                  
   Vladimir Sobotka         Stephane Veilleux        Jonathan Ferland         Keith Ballard            Andrej Sekera            

Goaltenders
Starting : Josh Harding             
Backup : Michael Hutchinson       

Extra Forwards
Normal : Brian Boyle, Vladimir Zharkov, Stephane Veilleux - PP : Brian Boyle, Vladimir Zharkov - PK : Stephane Veilleux
Extra Defensemen
Normal : Brendan Mikkelson, Keith Ballard, Mark Mitera - PP : Brendan Mikkelson - PK : Brendan Mikkelson, Mark Mitera
Penalty Shots
Stephane Veilleux, Colin Wilson, Brad Marchand, Jonathan Ferland, Pavel Vorobiev

% Time on Ice - Patriotes

Lines # - Real PCT - Wanted PCT - Time Play
Normal Forward
1 - 35% - 40% - 16:35
2 - 28% - 30% - 13:15
3 - 24% - 20% - 11:21
4 - 13% - 10% - 6:24
Normal Defense
1 - 33% - 40% - 15:39
2 - 33% - 30% - 15:56
3 - 21% - 20% - 10:12
4 - 12% - 10% - 5:48
PP Forward
1 - 67% - 60% - 3:01
2 - 33% - 40% - 1:28
PP Defense
1 - 49% - 60% - 2:13
2 - 51% - 40% - 2:16
PK Forward
1 - 81% - 60% - 6:26
2 - 19% - 40% - 1:30
PK Defense
1 - 58% - 60% - 4:37
2 - 42% - 40% - 3:19
PK3 Forward
1 - 0% - 60%
2 - 0% - 40%
PK3 Defense
1 - 0% - 60%
2 - 0% - 40%
44 Forward
1 - 72% - 60% - 0:42
2 - 28% - 40% - 0:16
44 Defense
1 - 60% - 60% - 0:35
2 - 40% - 40% - 0:23
Last Minute Offensive  - 0:00
Last Minute Defensive  - 0:00
Total
Forward - 60:58
Defense - 60:58

% Time on Ice - Inferno

Lines # - Real PCT - Wanted PCT - Time Play
Normal Forward
1 - 32% - 40% - 15:14
2 - 30% - 30% - 14:19
3 - 22% - 20% - 10:33
4 - 16% - 10% - 7:29
Normal Defense
1 - 38% - 40% - 17:59
2 - 29% - 30% - 13:52
3 - 26% - 20% - 12:34
4 - 7% - 10% - 3:10
PP Forward
1 - 56% - 60% - 4:28
2 - 44% - 40% - 3:28
PP Defense
1 - 58% - 60% - 4:34
2 - 42% - 40% - 3:22
PK Forward
1 - 79% - 60% - 3:32
2 - 21% - 40% - 0:57
PK Defense
1 - 68% - 60% - 3:02
2 - 32% - 40% - 1:27
PK3 Forward
1 - 0% - 60%
2 - 0% - 40%
PK3 Defense
1 - 0% - 60%
2 - 0% - 40%
44 Forward
1 - 74% - 60% - 0:43
2 - 26% - 40% - 0:15
44 Defense
1 - 100% - 60% - 0:58
2 - 0% - 40% - 0:00
Last Minute Offensive  - 0:00
Last Minute Defensive  - 0:00
Total
Forward - 60:58
Defense - 60:58

Play by Play

1st period


0:01 of 1st period - Stephane Veilleux wins face-off versus Zenon Konopka in neutral zone.
0:36 of 1st period - Snap shot by Vladimir Sobotka.
0:36 of 1st period - Stopped by Joey MacDonald with a rebound.
1:17 of 1st period - Slapshot by Keith Ballard.
1:17 of 1st period - Stopped by Joey MacDonald without a rebound.
1:18 of 1st period - Zenon Konopka wins face-off versus Colin Wilson in Patriotes zone.
1:22 of 1st period - Off-side.
1:23 of 1st period - Jonathan Ferland wins face-off versus Andreas Nodl in neutral zone.
1:59 of 1st period - Snap shot by Cory Emmerton.
1:59 of 1st period - Stopped by Josh Harding without a rebound.
2:00 of 1st period - Colin Wilson wins face-off versus Christian Hanson in Inferno zone.
2:54 of 1st period - Wrist shot by Andreas Nodl.
2:54 of 1st period - Stopped by Josh Harding with a rebound.
3:02 of 1st period - Andrej Sekera is hit by Andreas Nodl and loses puck.
3:58 of 1st period - Snap shot by Zenon Konopka.
3:58 of 1st period - Stopped by Josh Harding with a rebound.
4:04 of 1st period - A.J Thelen is hit by Yannick Weber.
4:12 of 1st period - Snap shot by Andreas Nodl.
4:12 of 1st period - Stopped by Josh Harding with a rebound.
4:22 of 1st period - Snap shot by Andreas Nodl.
4:22 of 1st period - Shot Blocked by Andrej Sekera.
4:36 of 1st period - Slapshot by A.J Thelen.
4:36 of 1st period - Stopped by Josh Harding with a rebound.
5:06 of 1st period - Andreas Nodl is hit by Pavel Vorobiev and loses puck.
6:10 of 1st period - Snap shot by Brad Marchand.
6:10 of 1st period - Shot Misses the Net.
6:58 of 1st period - Brad Marchand is hit by Zenon Konopka.
7:28 of 1st period - Zenon Konopka is hit by Brad Marchand.
7:45 of 1st period - Snap shot by Vladimir Sobotka.
7:45 of 1st period - Shot Misses the Net.
7:50 of 1st period - Icing by Andreas Nodl.
7:51 of 1st period - Jonathan Ferland wins face-off versus Zenon Konopka in Patriotes zone.
8:44 of 1st period - Wrist shot by Christian Hanson.
8:44 of 1st period - Stopped by Josh Harding with a rebound.
9:04 of 1st period - Snap shot by Jonathan Ferland.
9:04 of 1st period - Deflect By Stephane Veilleux.
9:04 of 1st period - Stopped by Joey MacDonald without a rebound.
9:05 of 1st period - Christian Hanson wins face-off versus David Ullstrom in Patriotes zone.
9:05 of 1st period - Christian Hanson is hit by Vladimir Zharkov.
9:29 of 1st period - Tomas Kurka is hit by Jonathan Ferland and loses puck.
9:49 of 1st period - Snap shot by Cal O'Reilly.
9:49 of 1st period - Stopped by Joey MacDonald without a rebound.
9:50 of 1st period - Cal O'Reilly wins face-off versus Ryan White in Patriotes zone.
10:45 of 1st period - Slapshot by Colin Wilson.
10:45 of 1st period - Shot Misses the Net.
10:47 of 1st period - Snap shot by Stephane Veilleux.
10:47 of 1st period - Stopped by Joey MacDonald with a rebound.
11:01 of 1st period - Slapshot by Ryan Wilson.
11:01 of 1st period - Stopped by Josh Harding without a rebound.
11:02 of 1st period - Ryan White wins face-off versus Colin Wilson in Inferno zone.
11:30 of 1st period - Off-side.
11:31 of 1st period - Brian Boyle wins face-off versus Cory Emmerton in neutral zone.
11:51 of 1st period - Tyler Myers is hit by Mark Mitera and loses puck.
12:52 of 1st period - Snap shot by Colin Wilson.
12:52 of 1st period - Stopped by Joey MacDonald with a rebound.
13:45 of 1st period - Liam Reddox is hit by Mark Mitera and loses puck.
13:50 of 1st period - Snap shot by Colin Wilson.
13:50 of 1st period - Stopped by Joey MacDonald with a rebound.
13:52 of 1st period - Slapshot by Jonathan Ferland.
13:52 of 1st period - Stopped by Joey MacDonald with a rebound.
13:54 of 1st period - Wrist shot by Colin Wilson.
13:54 of 1st period - Shot Misses the Net.
14:15 of 1st period - Tyler Myers is hit by Sami Vatanen.
14:24 of 1st period - Icing by Jonathan Ferland.
14:25 of 1st period - Cal O'Reilly wins face-off versus Cory Emmerton in Inferno zone.
14:25 of 1st period - Cal O'Reilly is hit by Tyler Myers.
15:07 of 1st period - Jared Staal is hit by Vladimir Zharkov and loses puck.
15:39 of 1st period - Tyler Myers is hit by Alex Berry and loses puck.
15:52 of 1st period - Lauri Tukonen is hit by Brian Boyle and loses puck.
17:45 of 1st period - Ryan Wilson is hit by Keith Ballard and loses puck.
18:27 of 1st period - Brett Skinner is hit by Matt Kassian and loses puck.
19:38 of 1st period - Christian Hanson is hit by Colin Wilson and loses puck.
Goals for this period are 0 for Patriotes vs 0 for Inferno.
Shots for this period are 7 for Patriotes vs 8 for Inferno.

2nd period


0:01 of 2nd period - Colin Wilson wins face-off versus Lauri Tukonen in neutral zone.
0:14 of 2nd period - Snap shot by Jonathan Ferland.
0:14 of 2nd period - Stopped by Joey MacDonald with a rebound.
0:26 of 2nd period - Fedor Fedorov is hit by Andrej Sekera and loses puck.
0:33 of 2nd period - Snap shot by Vladimir Zharkov.
0:33 of 2nd period - Shot Misses the Net.
1:25 of 2nd period - Wrist shot by Alex Berry.
1:25 of 2nd period - Shot Misses the Net.
1:33 of 2nd period - Wrist shot by Andreas Nodl.
1:33 of 2nd period - Shot Misses the Net.
1:45 of 2nd period - Cory Emmerton is hit by Yannick Weber.
2:19 of 2nd period - Minor Penalty to Zack Stortini for Tripping.
2:20 of 2nd period - Tomas Kurka wins face-off versus Colin Wilson in Patriotes zone.
2:54 of 2nd period - Snap shot by Brad Marchand.
2:54 of 2nd period - Shot Hit the Post.
2:56 of 2nd period - Snap shot by Sami Vatanen.
2:56 of 2nd period - Shot Blocked by Tyler Myers.
2:58 of 2nd period - Snap shot by Pavel Vorobiev.
2:58 of 2nd period - Shot Blocked by Ryan Wilson.
3:08 of 2nd period - Fedor Fedorov is hit by Andrej Sekera and loses puck.
4:02 of 2nd period - Brett Skinner is hit by Stephane Veilleux and loses puck.
4:19 of 2nd period - Penalty to Zack Stortini is over, Zack Stortini is back on ice.
4:33 of 2nd period - Slapshot by Cory Emmerton.
4:33 of 2nd period - Shot Misses the Net.
4:41 of 2nd period - Minor Penalty to Keith Ballard for Interference.
4:42 of 2nd period - Zenon Konopka wins face-off versus Brian Boyle in Inferno zone.
5:10 of 2nd period - Slapshot by Tyler Myers.
5:10 of 2nd period - Stopped by Josh Harding with a rebound.
5:12 of 2nd period - Wrist shot by Cory Emmerton.
5:12 of 2nd period - Shot Misses the Net.
5:14 of 2nd period - Slapshot by Fedor Fedorov.
5:14 of 2nd period - Shot Misses the Net.
6:41 of 2nd period - Penalty to Keith Ballard is over, Keith Ballard is back on ice.
8:10 of 2nd period - Snap shot by Ryan White.
8:10 of 2nd period - Stopped by Josh Harding without a rebound.
8:11 of 2nd period - Cory Emmerton wins face-off versus Vladimir Sobotka in Inferno zone.
8:18 of 2nd period - Slapshot by Cory Emmerton.
8:18 of 2nd period - Stopped by Josh Harding without a rebound.
8:19 of 2nd period - Colin Wilson wins face-off versus Cory Emmerton in Inferno zone.
8:41 of 2nd period - Icing by Mathieu Brodeur.
8:42 of 2nd period - Liam Reddox wins face-off versus Vladimir Sobotka in Patriotes zone.
8:42 of 2nd period - Liam Reddox is hit by Pavel Vorobiev.
8:49 of 2nd period - Wrist shot by Zack Stortini.
8:49 of 2nd period - Shot Blocked by Brad Marchand.
8:51 of 2nd period - Wrist shot by Liam Reddox.
8:51 of 2nd period - Stopped by Josh Harding with a rebound.
8:53 of 2nd period - Snap shot by Zack Stortini.
8:53 of 2nd period - Shot Blocked by Yannick Weber.
8:57 of 2nd period - Slapshot by Zack Stortini.
8:57 of 2nd period - Stopped by Josh Harding with a rebound.
9:07 of 2nd period - Andreas Nodl is hit by Colin Wilson and loses puck.
9:26 of 2nd period - Wrist shot by Tomas Kurka.
9:26 of 2nd period - Stopped by Josh Harding without a rebound.
9:27 of 2nd period - Brian Boyle wins face-off versus Cory Emmerton in Inferno zone.
9:34 of 2nd period - Slapshot by Keith Ballard.
9:34 of 2nd period - Stopped by Joey MacDonald without a rebound.
9:35 of 2nd period - Colin Wilson wins face-off versus Zenon Konopka in Patriotes zone.
10:01 of 2nd period - Pavel Vorobiev is hit by Cory Emmerton and loses puck.
10:10 of 2nd period - Wrist shot by Pavel Vorobiev.
10:10 of 2nd period - Shot Misses the Net.
10:24 of 2nd period - Slapshot by Yannick Weber.
10:24 of 2nd period - Shot Blocked by Tyler Myers.
10:26 of 2nd period - Slapshot by Andrej Sekera.
10:26 of 2nd period - Shot Misses the Net.
10:28 of 2nd period - Wrist shot by Brian Boyle.
10:28 of 2nd period - Shot Misses the Net.
10:30 of 2nd period - Slapshot by Brendan Mikkelson.
10:30 of 2nd period - Shot Misses the Net.
10:34 of 2nd period - Snap shot by Brian Boyle.
10:34 of 2nd period - Shot Blocked by Liam Reddox.
10:47 of 2nd period - Minor Penalty to Tyler Myers for Tripping.
10:48 of 2nd period - Jonathan Ferland wins face-off versus Tomas Kurka in Patriotes zone.
11:18 of 2nd period - Slapshot by Andrej Sekera.
11:18 of 2nd period - Shot Misses the Net.
12:47 of 2nd period - Penalty to Tyler Myers is over, Tyler Myers is back on ice.
12:56 of 2nd period - Slapshot by Tyler Myers.
12:56 of 2nd period - Shot Misses the Net.
13:02 of 2nd period - Mathieu Brodeur is hit by Mark Mitera and loses puck.
13:35 of 2nd period - Slapshot by Christian Hanson.
13:35 of 2nd period - Stopped by Josh Harding with a rebound.
13:37 of 2nd period - Snap shot by Mathieu Brodeur.
13:37 of 2nd period - Deflect By Christian Hanson.
13:37 of 2nd period - Stopped by Josh Harding with a rebound.
13:39 of 2nd period - Snap shot by Christian Hanson.
13:39 of 2nd period - Patriotes goal is going for a video replay.
13:39 of 2nd period - The goal is good.
13:39 of 2nd period - Goal by Christian Hanson - Patriotes : 1 - Inferno : 0.
13:40 of 2nd period - Zenon Konopka wins face-off versus Colin Wilson in neutral zone.
14:12 of 2nd period - Snap shot by Tomas Kurka.
14:12 of 2nd period - Stopped by Josh Harding without a rebound.
14:13 of 2nd period - Cory Emmerton wins face-off versus Vladimir Sobotka in Inferno zone.
14:20 of 2nd period - Snap shot by Cory Emmerton.
14:20 of 2nd period - Stopped by Josh Harding without a rebound.
14:21 of 2nd period - Cory Emmerton wins face-off versus Vladimir Sobotka in Inferno zone.
14:31 of 2nd period - Minor Penalty to Pavel Vorobiev for Delaying the game.
14:32 of 2nd period - Brian Boyle wins face-off versus Zenon Konopka in Inferno zone.
14:32 of 2nd period - Brian Boyle is hit by Andreas Nodl.
14:45 of 2nd period - Snap shot by Brian Boyle.
14:45 of 2nd period - Stopped by Joey MacDonald with a rebound.
14:57 of 2nd period - Keith Ballard is hit by A.J Thelen and loses puck.
15:02 of 2nd period - Slapshot by Cory Emmerton.
15:02 of 2nd period - Goal by Cory Emmerton - Patriotes : 2 - Inferno : 0.
15:03 of 2nd period - Colin Wilson wins face-off versus Zenon Konopka in neutral zone.
15:08 of 2nd period - Snap shot by Keith Ballard.
15:08 of 2nd period - Deflect By Andreas Nodl.
15:08 of 2nd period - Stopped by Joey MacDonald with a rebound.
15:10 of 2nd period - Wrist shot by Stephane Veilleux.
15:10 of 2nd period - Stopped by Joey MacDonald with a rebound.
15:12 of 2nd period - Slapshot by Andrej Sekera.
15:12 of 2nd period - Shot Misses the Net.
15:14 of 2nd period - Snap shot by Stephane Veilleux.
15:14 of 2nd period - Stopped by Joey MacDonald with a rebound.
15:16 of 2nd period - Slapshot by Keith Ballard.
15:16 of 2nd period - Stopped by Joey MacDonald with a rebound.
15:28 of 2nd period - A.J Thelen is hit by Pavel Vorobiev and loses puck.
15:51 of 2nd period - Slapshot by Christian Hanson.
15:51 of 2nd period - Stopped by Josh Harding without a rebound.
15:52 of 2nd period - Christian Hanson wins face-off versus Colin Wilson in Inferno zone.
17:16 of 2nd period - Wrist shot by Cal O'Reilly.
17:16 of 2nd period - Goal by Cal O'Reilly - Patriotes : 2 - Inferno : 1.
17:17 of 2nd period - Colin Wilson wins face-off versus Zenon Konopka in neutral zone.
17:20 of 2nd period - Backhand shot by Yannick Weber.
17:20 of 2nd period - Shot Misses the Net.
17:22 of 2nd period - Wrist shot by Colin Wilson.
17:22 of 2nd period - Stopped by Joey MacDonald without a rebound.
17:23 of 2nd period - Fedor Fedorov wins face-off versus Colin Wilson in Patriotes zone.
17:49 of 2nd period - Off-side.
17:50 of 2nd period - Vladimir Sobotka wins face-off versus Cory Emmerton in neutral zone.
17:59 of 2nd period - Wrist shot by Vladimir Sobotka.
17:59 of 2nd period - Stopped by Joey MacDonald with a rebound.
18:03 of 2nd period - Snap shot by Pavel Vorobiev.
18:03 of 2nd period - Stopped by Joey MacDonald with a rebound.
18:05 of 2nd period - Snap shot by Brad Marchand.
18:05 of 2nd period - Shot Blocked by Cory Emmerton.
18:24 of 2nd period - Slapshot by Jonathan Ferland.
18:24 of 2nd period - Shot Misses the Net.
18:47 of 2nd period - Slapshot by Ryan Wilson.
18:47 of 2nd period - Shot Misses the Net.
18:49 of 2nd period - Snap shot by Zack Stortini.
18:49 of 2nd period - Stopped by Josh Harding without a rebound.
18:50 of 2nd period - Vladimir Sobotka wins face-off versus Cory Emmerton in Inferno zone.
18:55 of 2nd period - Snap shot by Tomas Kurka.
18:55 of 2nd period - Shot Misses the Net.
19:03 of 2nd period - Snap shot by Brad Marchand.
19:03 of 2nd period - Goal by Brad Marchand - Patriotes : 2 - Inferno : 2.
19:04 of 2nd period - Zenon Konopka wins face-off versus Colin Wilson in neutral zone.
19:11 of 2nd period - Wrist shot by Andreas Nodl.
19:11 of 2nd period - Shot Misses the Net.
19:13 of 2nd period - Wrist shot by Zenon Konopka.
19:13 of 2nd period - Stopped by Josh Harding with a rebound.
19:15 of 2nd period - Wrist shot by Fedor Fedorov.
19:15 of 2nd period - Shot Misses the Net.
19:17 of 2nd period - Slapshot by Brett Skinner.
19:17 of 2nd period - Deflect By Andreas Nodl.
19:17 of 2nd period - Stopped by Josh Harding with a rebound.
19:19 of 2nd period - Slapshot by Brett Skinner.
19:19 of 2nd period - Shot Blocked by Andrej Sekera.
19:54 of 2nd period - Wrist shot by Brad Marchand.
19:54 of 2nd period - Stopped by Joey MacDonald without a rebound.
19:55 of 2nd period - Vladimir Sobotka wins face-off versus Cory Emmerton in Patriotes zone.
Goals for this period are 2 for Patriotes vs 2 for Inferno.
Shots for this period are 16 for Patriotes vs 13 for Inferno.

3rd period


0:01 of 3rd period - Colin Wilson wins face-off versus Zenon Konopka in neutral zone.
0:10 of 3rd period - Slapshot by Jonathan Ferland.
0:10 of 3rd period - Shot Blocked by Zenon Konopka.
0:12 of 3rd period - Wrist shot by Andrej Sekera.
0:12 of 3rd period - Shot Blocked by Brett Skinner.
0:36 of 3rd period - Wrist shot by Cory Emmerton.
0:36 of 3rd period - Shot Misses the Net.
1:06 of 3rd period - Keith Ballard is hit by Tyler Myers and loses puck.
1:11 of 3rd period - Snap shot by Tomas Kurka.
1:11 of 3rd period - Shot Blocked by Andrej Sekera.
1:28 of 3rd period - Andrej Sekera is hit by Mathieu Brodeur and loses puck.
1:49 of 3rd period - Slapshot by Brad Marchand.
1:49 of 3rd period - Goal by Brad Marchand - Patriotes : 2 - Inferno : 3.
1:50 of 3rd period - Colin Wilson wins face-off versus Zenon Konopka in neutral zone.
2:24 of 3rd period - Snap shot by Cory Emmerton.
2:24 of 3rd period - Shot Misses the Net.
2:46 of 3rd period - Slapshot by Brian Boyle.
2:46 of 3rd period - Stopped by Joey MacDonald with a rebound.
2:48 of 3rd period - Snap shot by David Ullstrom.
2:48 of 3rd period - Shot Misses the Net.
2:58 of 3rd period - Slapshot by Andreas Nodl.
2:58 of 3rd period - Stopped by Josh Harding without a rebound.
2:59 of 3rd period - Zenon Konopka wins face-off versus Cal O'Reilly in Inferno zone.
3:03 of 3rd period - Minor Penalty to Yannick Weber for Hooking.
3:04 of 3rd period - Brian Boyle wins face-off versus Zenon Konopka in Inferno zone.
3:50 of 3rd period - Snap shot by Andreas Nodl.
3:50 of 3rd period - Shot Blocked by Keith Ballard.
3:52 of 3rd period - Wrist shot by Tomas Kurka.
3:52 of 3rd period - Stopped by Josh Harding without a rebound.
3:53 of 3rd period - Cory Emmerton wins face-off versus Brian Boyle in Inferno zone.
4:02 of 3rd period - Snap shot by Cory Emmerton.
4:02 of 3rd period - Shot Misses the Net.
4:04 of 3rd period - Backhand shot by Lauri Tukonen.
4:04 of 3rd period - Shot Misses the Net.
4:06 of 3rd period - Slapshot by Tyler Myers.
4:06 of 3rd period - Stopped by Josh Harding with a rebound.
4:08 of 3rd period - Slapshot by Tyler Myers.
4:08 of 3rd period - Shot Blocked by Jonathan Ferland.
4:24 of 3rd period - Wrist shot by Vladimir Sobotka.
4:24 of 3rd period - Stopped by Joey MacDonald with a rebound.
5:00 of 3rd period - Slapshot by Ryan Wilson.
5:00 of 3rd period - Shot Blocked by Keith Ballard.
5:02 of 3rd period - Wrist shot by Tomas Kurka.
5:02 of 3rd period - Shot Blocked by Andrej Sekera.
5:03 of 3rd period - Penalty to Yannick Weber is over, Yannick Weber is back on ice.
5:04 of 3rd period - Wrist shot by Andreas Nodl.
5:04 of 3rd period - Stopped by Josh Harding with a rebound.
5:06 of 3rd period - Snap shot by Zenon Konopka.
5:06 of 3rd period - Stopped by Josh Harding without a rebound.
5:07 of 3rd period - Vladimir Sobotka wins face-off versus Christian Hanson in Inferno zone.
5:23 of 3rd period - Slapshot by A.J Thelen.
5:23 of 3rd period - Stopped by Josh Harding with a rebound.
5:32 of 3rd period - Minor Penalty to A.J Thelen for Tripping.
5:33 of 3rd period - Colin Wilson wins face-off versus Tomas Kurka in Patriotes zone.
5:35 of 3rd period - Snap shot by Jonathan Ferland.
5:35 of 3rd period - Stopped by Joey MacDonald with a rebound.
5:59 of 3rd period - Fedor Fedorov is hit by Pavel Vorobiev and loses puck.
6:17 of 3rd period - Icing by Jonathan Ferland.
6:18 of 3rd period - Colin Wilson wins face-off versus Liam Reddox in Inferno zone.
6:23 of 3rd period - Liam Reddox is hit by Colin Wilson and loses puck.
7:32 of 3rd period - Penalty to A.J Thelen is over, A.J Thelen is back on ice.
7:55 of 3rd period - Slapshot by Keith Ballard.
7:55 of 3rd period - Stopped by Joey MacDonald with a rebound.
8:15 of 3rd period - Backhand shot by Brendan Mikkelson.
8:15 of 3rd period - Stopped by Joey MacDonald with a rebound.
9:30 of 3rd period - Yannick Weber is hit by Fedor Fedorov and loses puck.
10:58 of 3rd period - Andreas Nodl is hit by Cal O'Reilly.
11:17 of 3rd period - Brian Boyle is hit by Christian Hanson and loses puck.
11:28 of 3rd period - Brendan Mikkelson is hit by A.J Thelen and loses puck.
12:00 of 3rd period - Brett Skinner is hit by Stephane Veilleux and loses puck.
12:27 of 3rd period - Slapshot by Cory Emmerton.
12:27 of 3rd period - Stopped by Josh Harding without a rebound.
12:28 of 3rd period - Colin Wilson wins face-off versus Cory Emmerton in Inferno zone.
12:51 of 3rd period - Snap shot by Cory Emmerton.
12:51 of 3rd period - Stopped by Josh Harding with a rebound.
12:53 of 3rd period - Snap shot by Ryan White.
12:53 of 3rd period - Shot Misses the Net.
12:55 of 3rd period - Slapshot by Lauri Tukonen.
12:55 of 3rd period - Shot Misses the Net.
12:57 of 3rd period - Slapshot by Ryan Wilson.
12:57 of 3rd period - Shot Misses the Net.
12:59 of 3rd period - Wrist shot by Ryan White.
12:59 of 3rd period - Shot Misses the Net.
13:36 of 3rd period - Icing by Brendan Mikkelson.
13:37 of 3rd period - Christian Hanson wins face-off versus Cal O'Reilly in Inferno zone.
13:38 of 3rd period - Slapshot by Liam Reddox.
13:38 of 3rd period - Stopped by Josh Harding without a rebound.
13:39 of 3rd period - Cal O'Reilly wins face-off versus Christian Hanson in Inferno zone.
13:39 of 3rd period - Cal O'Reilly is hit by Zack Stortini.
13:50 of 3rd period - Icing by Zack Stortini.
13:51 of 3rd period - Christian Hanson wins face-off versus Colin Wilson in Patriotes zone.
14:00 of 3rd period - Snap shot by Liam Reddox.
14:00 of 3rd period - Shot Misses the Net.
14:02 of 3rd period - Slapshot by Mathieu Brodeur.
14:02 of 3rd period - Shot Misses the Net.
14:04 of 3rd period - Slapshot by Mathieu Brodeur.
14:04 of 3rd period - Shot Blocked by Andrej Sekera.
14:06 of 3rd period - Snap shot by Liam Reddox.
14:06 of 3rd period - Goal by Liam Reddox - Patriotes : 3 - Inferno : 3.
14:07 of 3rd period - Zenon Konopka wins face-off versus Colin Wilson in neutral zone.
14:10 of 3rd period - Snap shot by Stephane Veilleux.
14:10 of 3rd period - Stopped by Joey MacDonald with a rebound.
14:12 of 3rd period - Wrist shot by Colin Wilson.
14:12 of 3rd period - Shot Misses the Net.
14:14 of 3rd period - Snap shot by Yannick Weber.
14:14 of 3rd period - Shot Misses the Net.
14:16 of 3rd period - Wrist shot by Yannick Weber.
14:16 of 3rd period - Stopped by Joey MacDonald without a rebound.
14:17 of 3rd period - Colin Wilson wins face-off versus Zenon Konopka in Patriotes zone.
14:24 of 3rd period - Brett Skinner is hit by Colin Wilson and loses puck.
14:56 of 3rd period - Off-side.
14:57 of 3rd period - Vladimir Sobotka wins face-off versus Cory Emmerton in neutral zone.
15:00 of 3rd period - Slapshot by Sami Vatanen.
15:00 of 3rd period - Deflect By Vladimir Sobotka.
15:00 of 3rd period - Shot Blocked by Lauri Tukonen.
15:00 of 3rd period - Puck is out of play.
15:01 of 3rd period - Cory Emmerton wins face-off versus Vladimir Sobotka in Patriotes zone.
15:35 of 3rd period - Minor Penalty to Zack Stortini for Holding.
15:36 of 3rd period - Tomas Kurka wins face-off versus Colin Wilson in Patriotes zone.
15:56 of 3rd period - A.J Thelen is hit by Jonathan Ferland and loses puck.
17:34 of 3rd period - Tomas Kurka is hit by Keith Ballard and loses puck.
17:35 of 3rd period - Penalty to Zack Stortini is over, Zack Stortini is back on ice.
17:57 of 3rd period - Wrist shot by Andreas Nodl.
17:57 of 3rd period - Stopped by Josh Harding without a rebound.
17:58 of 3rd period - Colin Wilson wins face-off versus Cory Emmerton in Inferno zone.
19:03 of 3rd period - Snap shot by Brian Boyle.
19:03 of 3rd period - Stopped by Joey MacDonald without a rebound.
19:04 of 3rd period - Zenon Konopka wins face-off versus Brian Boyle in Patriotes zone.
19:17 of 3rd period - Wrist shot by Stephane Veilleux.
19:17 of 3rd period - Shot Misses the Net.
19:19 of 3rd period - Slapshot by Yannick Weber.
19:19 of 3rd period - Stopped by Joey MacDonald with a rebound.
19:21 of 3rd period - Slapshot by Yannick Weber.
19:21 of 3rd period - Shot Blocked by Brett Skinner.
19:37 of 3rd period - Wrist shot by Fedor Fedorov.
19:37 of 3rd period - Stopped by Josh Harding with a rebound.
19:55 of 3rd period - Slapshot by Andrej Sekera.
19:55 of 3rd period - Stopped by Joey MacDonald without a rebound.
19:56 of 3rd period - Zenon Konopka wins face-off versus Colin Wilson in Patriotes zone.
Goals for this period are 1 for Patriotes vs 1 for Inferno.
Shots for this period are 12 for Patriotes vs 11 for Inferno.

Overtime #1


0:01 of 1st overtime period - Colin Wilson wins face-off versus Tomas Kurka in neutral zone.
0:58 of 1st overtime period - Wrist shot by Fedor Fedorov.
0:58 of 1st overtime period - Goal by Fedor Fedorov - Patriotes : 4 - Inferno : 3.
Goals for this period are 1 for Patriotes vs 0 for Inferno.
Shots for this period are 1 for Patriotes vs 0 for Inferno.


Output by the SimonT Hockey Simulator (STHS) for François Prévost -- Original Page W3C XHTML 1.0 Valid
Hockey Simulator - Hockey Simulation - Hockey Manager